 Dungeon Crawl Stone Soup version 0.29.1-15-g9cfb28693d (webtiles) character file.

Game seed: 9886349715612664776

1 pokedragonboy the Vexing (level 1, -2/10 HPs)
             Began as a Vampire Enchanter on Mar 10, 2023.
             Slain by an endoplasm (3 damage)
             ... on level 1 of the Dungeon.
             The game lasted 00:01:46 (69 turns).

pokedragonboy the Vexing (Vampire Enchanter)          Turns: 69, Time: 00:01:46

Health: -2/10      AC:  2    Str:  7    XL:     1   Next: 16%
Magic:  3/3        EV: 12    Int: 17    God:
Gold:   10         SH:  0    Dex: 14    Spells: 4/4 levels left

rFire   . . .      SeeInvis +   a - +1 dagger
rCold   + + .      Faith    .   (no shield)
rNeg    + + +      Spirit   .   b - +0 robe
rPois   ∞          Reflect  .   (no helmet)
rElec   .          Harm     .   (no cloak)
rCorr   .          Rampage  .   (no gloves)
Will    .....                   (no boots)
Stlth   +++++.....              (no amulet)
HPRegen 0.00/turn               (no ring)
MPRegen 0.08/turn               (no ring)

@: bloodless, inhibited regen
A: bloodless, fangs 3, see invisible, vampiric 1
a: Revivify


You were on level 1 of the Dungeon.
You visited 1 branch of the dungeon, and saw 1 of its levels.

You collected 10 gold pieces.

Inventory:

Hand Weapons
 a - a +1 dagger (weapon)
Armour
 b - a +0 robe (worn)
Scrolls
 d - a scroll of fear {unknown}
 e - a scroll of enchant weapon {unknown}
Potions
 c - 2 potions of invisibility


   Skills:
 + Level 1.1 Short Blades
 - Level 2.1 Dodging
 + Level 4.4 Stealth
 + Level 2.0 Spellcasting
 + Level 4.4 Hexes


You had 4 spell levels left.
You didn't know any spells.
Your spell library contained the following spells:

 Spells                   Type           Power      Damage    Failure   Level
 Confusing Touch          Hex            16%        N/A       10%         3
 Tukima's Dance           Hex            16%        N/A       10%         3
 Ensorcelled Hibernation  Hex/Ice        18%        N/A       12%         2
 Dazzling Flash           Conj/Hex       18%        N/A       24%         3


Dungeon Overview and Level Annotations

Branches:
Dungeon (1/15)

Altars:


Innate Abilities, Weirdness & Mutations

You do not regenerate when monsters are visible.
You are frail without blood (-20% HP).
You can heal yourself when you bite living creatures.
You are immune to poison.
You have razor-sharp teeth.
You have supernaturally acute eyesight. (SInv)
You are afflicted with vampirism.


Message History

d - a scroll labelled CEREDGH QIHUC A goblin comes into view.
It is wielding a +0 dagger.
The goblin shouts!
You hit the goblin.
The goblin is heavily wounded.
You hit the goblin.
You kill the goblin!
Things that are here:
a +0 dagger; a goblin corpse You don't know any spells.
Okay, then.
e - a scroll labelled RUSOH PAWO 3 jackals and an endoplasm come into view.
Found a club.
You don't know any spells.
Okay, then.
You don't know any spells.
A jackal comes into view.
The jackal barks!
The endoplasm quivers.
You barely miss the jackal. The jackal misses you.
You hit the endoplasm.
The endoplasm is moderately wounded.
The jackal bites you. The endoplasm hits you. The jackal barely misses you.
You hit the endoplasm but do no damage.
The endoplasm is moderately wounded.
The endoplasm hits you.
* * * LOW HITPOINT WARNING * * *
The jackal barely misses you.
Okay, then.
You don't know any spells.
You barely miss the jackal.
The jackal bites you but does no damage.
The endoplasm misses you.
You hit the jackal.
The jackal is moderately wounded.
The jackal bites you.
* * * LOW HITPOINT WARNING * * *
The endoplasm hits you.
You die...

.... ... ..#### #....#
#....+ #....# #....#
#..@.#..h.....
#.Jh.#........
#....#........ #.#
#####.)..#..J..... #..
#####........#...h....
##...#.....###....#........
.......P.........##........
♣♣...P♣.....♣P...##........
P.........♣................


You could see an endoplasm and a jackal.

Vanquished Creatures
  A goblin (D:1)
1 creature vanquished.

Notes
Turn   | Place    | Note
-------+----------+-------------------------------------------
     0 | D:1      | pokedragonboy the Vampire Enchanter began the quest for the
                  | Orb.
     0 | D:1      | Reached XP level 1. HP: 13/13 MP: 3/3
    69 | D:1      | Slain by an endoplasm

Illustrated notes

Levels and vault maps discovered:
D:1:      denvon_arrival_planthouse, layout_basic,
          nicolae_ecumenical_lake_church, nrook_campfire, patterned_corridor

Action                   || total
-------------------------++-------
Melee: Dagger            ||     7
 Abil: Exsanguinate      ||     1
Armor: Robe              ||     1
Dodge: Dodged            ||     4
